Map: Deathaura LE

Players

黑羽快斗 (ButAlways) - Winner!

  • Race: Protoss Protoss
  • League: Grandmaster
  • Spawn Location: 11:00

GogojOey

  • Race: Zerg Zerg
  • Spawn Location: 5:00

Event: DreamHack SC2 Masters 2020 Fall

VOD

https://youtu.be/9bTCB_BEZe4

Description

Time

  • Played on: Aug. 26, 2020, 9:26 a.m.
  • Length: 22:55

All games in this series

Show
View Real Time Build Order
Export as new Build Order

黑羽快斗 Protoss - Winner!

Build Orders: 1 Gate Expand, Carriers, Colossus Rush 

Get SALT Encoding   

  12  0:00  Probe  
  13  0:12  Probe  
  14  0:17  Pylon  
  14  0:24  Probe (Chrono Boost)  
  15  0:36  Probe (Chrono Boost)  
  15  0:37  Gateway  
  16  0:44  Probe (Chrono Boost)  
  16  0:48  Assimilator  
  17  0:51  Probe  
  18  1:03  Probe  
  19  1:15  Probe  
  20  1:26  Nexus  
  20  1:34  Cybernetics Core  
  20  1:37  Probe  
  21  1:44  Assimilator  
  21  1:49  Probe  
  22  1:56  Pylon  
  22  2:01  Probe  
  23  2:10  Probe  
  23  2:11  Adept (Chrono Boost)  
  26  2:18  Probe  
  26  2:20  Stargate  
  27  2:26  Warp Gate  
  27  2:29  Probe (Chrono Boost)  
  27  2:35  Adept  
  30  2:38  Probe (Chrono Boost)  
  32  2:46  Probe (Chrono Boost)  
  32  2:48  Probe (Chrono Boost)  
  33  2:53  Probe x2 (Chrono Boost)  
  33  2:56  Void Ray (Chrono Boost)  
  35  3:05  Probe x2  
  41  3:17  Probe x2  
  41  3:18  Pylon  
  43  3:20  Pylon  
  43  3:25  Robotics Facility  
  43  3:29  Probe x2  
  45  3:38  Void Ray (Chrono Boost)  
  45  3:41  Probe x2  
  46  3:45  Assimilator  
  46  3:46  Assimilator  
  51  3:53  Probe x2  
  53  3:57  Shield Battery  
  53  4:03  Pylon  
  53  4:05  Probe x2  
  55  4:12  Observer  
  56  4:17  Probe x2  
  56  4:21  Robotics Bay  
  58  4:29  Nexus, Probe  
  58  4:30  Probe  
  60  4:35  Adept  
  60  4:37  Immortal (Chrono Boost)  
  62  4:42  Probe  
  67  4:50  Pylon  
  67  4:53  Probe  
  67  4:57  Shield Battery  
  68  5:01  Adept  
  68  5:03  Shield Battery  
  68  5:05  Pylon  
  70  5:08  Disruptor (Chrono Boost)  
  70  5:09  Void Ray  
  77  5:26  Probe x2  
  79  5:31  Shield Battery  
  79  5:32  Pylon  
  79  5:33  Colossus (Chrono Boost)  
  79  5:40  Pylon  
  85  5:55  Stargate  
  85  5:57  Stargate  
  85  5:59  Pylon  
  85  6:06  Void Ray (Chrono Boost)  
  85  6:10  Adept  
  80  6:42  Void Ray (Chrono Boost)  
  80  6:44  Void Ray (Chrono Boost)  
  80  6:45  Pylon  
  80  6:46  Zealot, Void Ray (Chrono Boost)  
  90  6:50  Forge  
  94  6:54  Shield Battery  
  94  7:02  Probe  
  94  7:05  Pylon  
  94  7:08  Void Ray (Chrono Boost)  
  95  7:10  Nexus  
  95  7:12  Probe  
  95  7:13  Protoss Air Weapons Level 1  
  100  7:19  Pylon  
  104  7:24  Probe  
  104  7:26  Probe  
  106  7:36  Probe, Photon Cannon  
  107  7:37  Photon Cannon  
  107  7:38  Shield Battery  
  107  7:39  Probe  
  107  7:41  Fleet Beacon  
  108  7:48  Probe  
  109  7:53  Phoenix (Chrono Boost)  
  111  7:59  Photon Cannon  
  111  8:00  Phoenix x2 (Chrono Boost)  
  111  8:01  Assimilator  
  111  8:05  Photon Cannon  
  107  8:09  Assimilator  
  107  8:10  Phoenix (Chrono Boost)  
  109  8:18  Phoenix, Photon Cannon  
  111  8:40  Sentry  
  115  8:47  Void Ray  
  114  8:51  Unknown  
  114  8:52  Void Ray  
  118  9:00  Void Ray  
  120  9:04  Pylon  
  120  9:05  Probe x2  
  120  9:09  Twilight Council  
  126  9:11  Nexus  
  126  9:12  Pylon  
  126  9:17  Photon Cannon  
  126  9:18  Pylon  
  126  9:21  Probe x2  
  126  9:22  Probe  
  129  9:25  Zealot  
  129  9:29  Assimilator  
  129  9:30  Protoss Air Weapons Level 2 (Chrono Boost)  
  131  9:32  Assimilator  
  131  9:33  Probe  
  131  9:36  Void Ray (Chrono Boost), Photon Cannon  
  131  9:37  Shield Battery  
  132  9:41  Void Ray (Chrono Boost)  
  132  9:42  Void Ray (Chrono Boost)  
  136  9:51  Probe  
  136  9:52  Probe  
  146  9:53  Probe  
  143  10:03  Probe  
  129  10:16  Charge  
  129  10:17  Probe x2  
  129  10:19  Templar Archives  
  135  10:23  Observer, Photon Cannon x2  
  138  10:29  Shield Battery, Probe, Carrier (Chrono Boost)  
  138  10:30  Shield Battery  
  139  10:39  Carrier (Chrono Boost)  
  139  10:40  Void Ray (Chrono Boost)  
  145  10:43  Zealot  
  124  11:14  Void Ray (Chrono Boost)  
  124  11:18  Stalker  
  108  11:32  Void Ray (Chrono Boost)  
  106  11:33  Void Ray (Chrono Boost)  
  106  11:37  Stargate  
  106  11:39  Gateway  
  110  11:41  Photon Cannon x2  
  110  11:42  Void Ray (Chrono Boost), Photon Cannon  
  110  11:44  Stargate  
  110  11:45  Shield Battery  
  110  11:46  Sentry  
  110  11:47  Gateway  
  112  11:49  Photon Cannon  
  116  12:05  Void Ray (Chrono Boost)  
  116  12:06  Void Ray (Chrono Boost)  
  114  12:12  Void Ray (Chrono Boost)  
  114  12:24  Void Ray (Chrono Boost)  
  114  12:26  Protoss Air Weapons Level 3  
  100  12:32  Void Ray (Chrono Boost)  
  98  12:38  Void Ray (Chrono Boost)  
  98  12:39  Stalker x2  
  102  12:45  Void Ray (Chrono Boost)  
  102  12:47  Shield Battery  
  102  12:49  Observer  
  102  12:50  Shield Battery  
  107  12:58  Void Ray (Chrono Boost)  
  107  13:01  Void Ray (Chrono Boost)  
  107  13:03  Photon Cannon  
  107  13:05  Shield Battery  
  115  13:09  Nexus  
  115  13:10  Zealot x2, Observer  
  120  13:15  Zealot  
  125  13:23  Void Ray (Chrono Boost)  
  127  13:33  Stalker x2  
  131  13:37  Void Ray x3 (Chrono Boost)  
  131  13:53  Zealot  
  133  13:57  Photon Cannon  
  133  13:59  Void Ray (Chrono Boost)  
  133  14:00  Psionic Storm  
  137  14:09  Void Ray x3  
  149  14:20  Zealot x3  
  155  14:37  Stargate  
  155  14:39  Nexus  
  155  14:50  Void Ray x4  
  149  14:57  Zealot  
  149  14:58  Zealot x2  
  167  15:04  Pylon  
  167  15:07  Pylon  
  167  15:09  Gateway  
  167  15:18  High Templar x2  
  167  15:19  High Templar  
  169  15:25  Archon  
  169  15:27  Void Ray (Chrono Boost)  
  153  15:34  Void Ray x3 (Chrono Boost)  
  127  15:52  Probe (Chrono Boost), Photon Cannon  
  127  15:54  Photon Cannon  
  127  15:56  Photon Cannon  
  128  15:59  High Templar, Observer, Photon Cannon  
  128  16:00  High Templar  
  128  16:01  Zealot, Unknown  
  128  16:02  Probe (Chrono Boost)  
  135  16:05  Gateway, Unknown  
  135  16:07  Observer, Probe (Chrono Boost)  
  135  16:08  Void Ray (Chrono Boost)  
  135  16:09  Shield Battery  
  140  16:12  Shield Battery, Void Ray (Chrono Boost)  
  140  16:14  Shield Battery  
  144  16:18  Probe  
  144  16:22  Void Ray (Chrono Boost)  
  145  16:30  Probe  
  150  16:34  Void Ray (Chrono Boost)  
  150  16:38  Zealot  
  150  16:39  Zealot x3  
  162  16:43  Probe  
  162  16:46  Void Ray x2 (Chrono Boost)  
  163  16:48  Pylon  
  163  16:52  Void Ray, Nexus  
  171  17:01  Zealot x5  
  185  17:08  Shield Battery  
  184  17:16  Carrier (Chrono Boost)  
  190  17:27  High Templar  
  190  17:28  High Templar x2  
  188  17:31  Probe  
  176  17:37  Carrier x2 (Chrono Boost)  
  187  17:51  Pylon  
  187  17:52  Zealot  
  187  17:53  Zealot x3  
  187  17:55  Carrier (Chrono Boost)  
  187  18:01  Shield Battery  
  187  18:02  Observer  
  188  18:06  Protoss Air Armor Level 1 (Chrono Boost)  
  188  18:10  Assimilator  
  188  18:11  Carrier (Chrono Boost)  
  182  18:12  Assimilator  
  182  18:15  High Templar  
  182  18:17  Probe  
  183  18:23  Observer  
  183  18:26  Shield Battery  
  184  18:28  Photon Cannon  
  184  18:29  Probe  
  183  18:36  Carrier (Chrono Boost)  
  188  18:44  Zealot  
  188  18:45  Zealot x3  
  196  19:04  Photon Cannon  
  196  19:06  Photon Cannon  
  196  19:07  Photon Cannon  
  196  19:09  Shield Battery  
  196  19:10  Shield Battery  
  196  19:15  Observer  
  195  19:24  Carrier (Chrono Boost)  
  195  19:27  Carrier (Chrono Boost)  
  195  19:36  Observer  
  196  19:39  Zealot  
  198  19:58  Observer  
  199  20:03  Pylon  
  199  20:04  Nexus  
  181  20:25  Carrier x3 (Chrono Boost)  
  177  20:42  Carrier (Chrono Boost)  
  171  20:45  High Templar  
  171  20:46  Zealot x4  
  181  20:50  Photon Cannon x2  
  181  20:52  Shield Battery  
  181  20:53  Photon Cannon  
  181  20:54  Shield Battery  
  181  20:55  Shield Battery  
  181  20:57  Assimilator  
  181  20:58  Assimilator  
  181  21:17  Zealot x2  
  181  21:18  Zealot  
  172  21:20  High Templar x2  
  172  21:25  Void Ray x2 (Chrono Boost)  
  177  21:35  Probe x4  
  177  21:36  Probe  
  186  21:47  Void Ray (Chrono Boost), Probe x4  
  190  21:54  Void Ray (Chrono Boost)  
  190  21:55  Void Ray (Chrono Boost)  
  194  22:06  Observer  
  195  22:12  Dark Shrine  
  183  22:25  Zealot x5  
  193  22:30  Shield Battery  
Show
View Real Time Build Order
Export as new Build Order

GogojOey Zerg 

Build Orders: Hatch First 

Get SALT Encoding   

  12  0:00  Drone  
  13  0:12  Overlord  
  13  0:16  Drone  
  14  0:30  Drone  
  14  0:31  Drone  
  16  0:47  Hatchery  
  15  0:51  Drone  
  15  0:54  Drone  
  17  0:57  Drone  
  18  1:09  Extractor  
  17  1:12  Spawning Pool  
  17  1:15  Drone  
  17  1:20  Drone  
  18  1:29  Drone  
  19  1:45  Hatchery  
  19  1:46  Drone  
  19  1:50  Drone  
  20  1:59  Queen  
  22  2:03  Drone  
  22  2:06  Drone  
  24  2:10  Drone  
  25  2:15  Overlord  
  25  2:23  Queen  
  25  2:26  Drone  
  28  2:35  Queen  
  30  2:38  Zergling x4  
  30  2:42  Drone  
  30  2:44  Drone  
  34  2:45  Drone  
  35  2:52  Metabolic Boost  
  35  2:53  Drone  
  36  3:03  Drone x2  
  36  3:05  Queen  
  40  3:09  Overlord  
  40  3:11  Drone x2  
  42  3:15  Overlord  
  42  3:29  Drone x5, Spore Crawler  
  46  3:34  Drone  
  46  3:36  Drone x2  
  46  3:39  Overlord  
  46  3:40  Drone x2  
  51  3:44  Overlord  
  51  3:49  Roach Warren  
  51  3:53  Spore Crawler  
  51  3:55  Drone  
  50  3:57  Drone, Extractor  
  50  4:00  Drone  
  50  4:01  Drone  
  50  4:02  Zergling x6  
  55  4:05  Overlord  
  55  4:19  Queen  
  57  4:27  Spore Crawler  
  57  4:31  Roach x8  
  72  4:33  Zergling x4  
  73  4:40  Overlord x2  
  73  4:46  Lair, Overlord x2  
  73  4:51  Extractor  
  72  4:54  Overlord  
  72  4:55  Overlord  
  72  4:56  Drone  
  72  4:57  Drone  
  72  4:59  Drone  
  75  5:00  Drone  
  75  5:02  Zergling x4  
  74  5:11  Zergling x12  
  78  5:16  Queen  
  78  5:18  Drone x2  
  81  5:31  Zergling x10  
  81  5:32  Ravager  
  81  5:33  Ravager x2  
  88  5:36  Ravager  
  88  5:38  Zergling x4  
  90  5:43  Drone  
  83  5:52  Zergling x16  
  91  5:58  Drone  
  91  6:00  Spire  
  91  6:01  Extractor  
  87  6:12  Drone x4  
  87  6:17  Zergling x2  
  91  6:22  Drone  
  88  6:29  Drone x5  
  86  6:35  Drone x7  
  86  6:37  Drone  
  93  6:40  Extractor  
  93  6:42  Extractor  
  93  6:43  Drone  
  93  6:44  Queen  
  93  6:45  Queen  
  93  6:46  Queen  
  94  7:02  Hatchery  
  94  7:08  Drone  
  94  7:09  Spore Crawler  
  93  7:15  Mutalisk  
  93  7:16  Zerg Flyer Weapons Level 1, Mutalisk x6  
  93  7:21  Drone  
  93  7:22  Drone x5  
  113  7:27  Overseer  
  113  7:28  Mutalisk  
  115  7:34  Extractor  
  115  7:36  Extractor  
  113  7:38  Mutalisk x2  
  113  7:42  Queen x2  
  119  7:57  Drone x3  
  122  8:03  Overlord x2  
  122  8:04  Overlord  
  122  8:11  Overlord  
  122  8:13  Overlord  
  122  8:14  Drone  
  122  8:15  Drone  
  122  8:16  Corruptor x2  
  128  8:22  Corruptor x4  
  128  8:23  Hatchery  
  128  8:26  Corruptor  
  137  8:30  Drone x2  
  137  8:31  Drone  
  137  8:33  Corruptor x2  
  144  8:43  Corruptor x2  
  148  8:53  Unknown  
  148  8:54  Corruptor  
  148  8:55  Corruptor  
  143  8:57  Unknown  
  136  9:04  Drone x3  
  136  9:05  Drone x2  
  136  9:06  Queen  
  142  9:10  Corruptor x3  
  142  9:13  Queen x2  
  152  9:19  Corruptor x2  
  156  9:25  Ravager  
  156  9:27  Ravager  
  156  9:29  Drone  
  156  9:30  Spore Crawler  
  158  9:35  Drone x2  
  158  9:36  Drone x4, Queen  
  166  9:44  Corruptor  
  166  9:45  Corruptor x2  
  165  9:52  Overlord x3  
  154  10:11  Corruptor x7  
  163  10:20  Drone x3  
  163  10:21  Evolution Chamber  
  165  10:22  Zerg Flyer Weapons Level 2  
  165  10:26  Corruptor x2  
  169  10:31  Corruptor x2  
  173  10:38  Corruptor x2  
  177  10:44  Corruptor x2  
  146  11:09  Corruptor x4  
  156  11:14  Zergling x8  
  145  11:19  Roach x2, Zergling x4  
  145  11:22  Roach, Zergling x12  
  145  11:25  Roach x2, Zergling x2  
  144  11:32  Drone x2  
  146  11:34  Queen  
  146  11:35  Roach x2  
  146  11:36  Queen  
  154  11:40  Queen  
  154  11:41  Drone x2, Infestation Pit  
  154  11:42  Spine Crawler  
  154  11:45  Spine Crawler  
  155  11:48  Overseer, Zerg Missile Weapons Level 1  
  155  11:52  Evolution Chamber, Roach x5  
  155  11:54  Ravager x4  
  168  11:59  Ravager x2  
  170  12:11  Corruptor x3  
  174  12:17  Overlord  
  168  12:29  Roach x6, Zergling x2  
  174  12:30  Roach, Zergling x10  
  174  12:37  Roach x2, Zergling x4  
  154  12:44  Roach x2, Zergling x4  
  154  12:51  Glial Reconstitution  
  156  12:54  Hive  
  156  12:56  Zerg Melee Weapons Level 1  
  156  12:58  Ravager  
  156  12:59  Ravager x11  
  156  13:03  Roach, Zergling x2  
  156  13:04  Zergling x16  
  179  13:08  Baneling Nest  
  179  13:09  Drone  
  179  13:12  Ravager x2  
  159  13:34  Corruptor  
  159  13:35  Corruptor x7  
  168  13:46  Corruptor x2  
  172  13:48  Overlord  
  172  13:49  Overlord x2  
  172  13:55  Overlord  
  172  14:02  Overlord  
  172  14:03  Hatchery  
  172  14:04  Corruptor  
  172  14:08  Centrifical Hooks  
  173  14:15  Queen  
  175  14:18  Ravager x2, Corruptor  
  175  14:19  Corruptor x5  
  189  14:25  Zerg Flyer Weapons Level 3  
  189  14:32  Corruptor x2  
  188  14:45  Corruptor x4  
  187  14:56  Corruptor x3  
  190  15:01  Drone x2  
  190  15:02  Drone  
  190  15:06  Drone x3  
  190  15:07  Drone x4  
  145  15:36  Roach x7, Zergling x28  
  163  15:45  Corruptor x4  
  163  15:47  Corruptor  
  169  15:57  Viper x2  
  169  16:00  Zerg Melee Weapons Level 2, Zerg Missile Weapons Level 2  
  169  16:02  Ravager x7  
  182  16:13  Corruptor x5  
  192  16:22  Corruptor x3  
  198  16:26  Overseer  
  198  16:36  Spore Crawler x2  
  198  16:37  Spore Crawler  
  195  16:50  Ultralisk Cavern  
  193  16:54  Baneling x3  
  193  16:55  Baneling x10  
  193  16:57  Drone x3  
  193  16:59  Spore Crawler  
  195  17:02  Spore Crawler  
  195  17:07  Pneumatized Carapace  
  194  17:21  Spore Crawler x2  
  194  17:22  Spore Crawler  
  188  17:23  Spore Crawler  
  162  17:43  Zergling x16  
  162  17:44  Ultralisk Cavern, Zergling x30  
  178  17:50  Drone  
  178  17:52  Extractor x2  
  170  18:22  Corruptor x9  
  170  18:24  Hatchery  
  187  18:30  Spine Crawler  
  187  18:31  Spine Crawler  
  187  18:32  Spine Crawler  
  187  18:33  Chitinous Plating, Spine Crawler  
  183  18:34  Spine Crawler  
  183  18:35  Adrenal Glands, Spine Crawler  
  183  18:37  Zerg Melee Weapons Level 3, Zerg Ground Armor Level 1, Spine Crawler  
  183  18:40  Baneling x9  
  183  18:41  Baneling x2  
  180  18:43  Baneling x2  
  167  19:11  Ultralisk  
  167  19:12  Ultralisk x3  
  191  19:25  Spine Crawler  
  191  19:27  Spine Crawler  
  189  19:32  Drone x5  
  189  19:37  Zergling x8  
  189  19:38  Zergling x2  
  199  19:52  Anabolic Synthesis  
  199  20:03  Spine Crawler  
  199  20:05  Spine Crawler  
  197  20:07  Spine Crawler  
  112  20:29  Corruptor x11  
  112  20:30  Corruptor x2  
  112  20:32  Corruptor  
  125  20:37  Drone  
  106  20:44  Viper  
  106  20:46  Viper  
  109  20:57  Corruptor x2  
  109  20:59  Spore Crawler x2  
  109  21:02  Spore Crawler  
  109  21:03  Corruptor  
  106  21:22  Corruptor x4  
  101  21:39  Corruptor  
  99  21:40  Corruptor x2  
  99  21:43  Zergling x10  
  110  21:51  Spine Crawler x2  
  108  21:58  Corruptor  
  108  22:00  Zergling x8  
  114  22:06  Corruptor  
  116  22:20  Viper  
  108  22:23  Zergling x16  

Tags
 
Add a new tag
Caveats
  • Supply blocks, unpowered buildings, or Contaminate may cause inaccurate times.
  • Supply counts are checked every 10 seconds.